Penguins vs Islanders

Created - 21 janvier 2025 at 18:42

Goals
1 2 3 T
Penguins 0 1 0 1
Islanders 0 0 0 0
Shots
1 2 3 T
Penguins 2 3 2 7
Islanders 2 1 3 6

GoalsPenalties
1st period
No Goal
No Penalty
2nd period
1. Penguins , Mark Jankowski 28 (Valtteri Puustinen 38, Danny O'Regan 21) at 10:05 (PP)
Ethan Del Mastro (NYI) for High sticking (Minor) at 9:59
Danny O'Regan (PIT) for Tripping (Minor) at 11:26
3rd period
No Goal
Bokondji Imama (PIT) for Hooking (Minor) at 2:44
Goalie Stats
Zach Fucale (PIT), 6 saves from 6 shots - (1,000), W, 31-16-8, 60:00 minutes
Mike Smith (NYI), 6 saves from 7 shots - (0,857), L, 11-21-7, 59:06 minutes
3 StarsOfficial
1 - Mark Jankowski (PIT)
2 - Zach Fucale (PIT)
3 - Valtteri Puustinen (PIT)
Referees : Garrett Rank and Frederick L'Ecuyer
Linesman : Kory Nagy and Libor Suchanek
Game Note
No Game Note



Team Name Goals Shots Shots Attemp Shots Blocked PIM HIT PP PK FO%
Penguins 172134161 / 1 (100%)041%
Islanders 061162160 / 2 (0%)159%

Penguins
Player Name POS G A P +/- PIM HIT SHT SB MP PP MP PP SHT PK MP PK SHT FO% FOT GA TA
Alex BretonD000000001:510:0000:0000% 000
Ben BerardC/LW/RW0000011220:090:0001:30025% 411
Ben TardifC/LW/RW0000000017:310:0000:0000% 001
Bokondji ImamaLW0000240017:170:0000:0000% 000
Brendan FurryC/LW/RW0000001018:470:0001:19025% 400
Brett BudgellC/LW/RW0000010011:300:0000:000100% 100
Carl DahlströmD000000000:210:0000:0000% 000
Chad NychukD0000000015:370:0000:0000% 000
Chase WheatcroftLW0000010016:310:0000:0000% 000
Danny O'ReganC/LW0110230021:290:0600:27029% 700
Jakub ZborilD0000000025:020:0602:2900% 010
Jamie DrysdaleD0000020023:230:0601:2900% 000
Keaton ThompsonD0000011017:510:0000:000100% 100
Mark JankowskiC/LW1010011021:200:0612:15050% 1200
Markus NiemelainenD0000010019:590:0002:2900% 010
Philip KempD0000001020:180:0001:2900% 000
Robin SaloD000000004:550:0000:0000% 000
Valtteri PuustinenLW/RW0110012122:090:0602:2500% 000
Islanders
Player Name POS G A P +/- PIM HIT SHT SB MP PP MP PP SHT PK MP PK SHT FO% FOT GA TA
Ben MeyersC/LW0000000119:160:0000:00078% 900
Brandon GignacC0000020113:530:3300:0000% 300
Collin GrafC/RW0000011019:161:3400:000100% 100
Conor TimminsD0000010222:100:0000:0000% 001
Corey SchuenemanD0000010023:402:4600:0600% 000
David FarranceD000000005:350:0000:0000% 000
Dylan CoghlanD0000001025:242:3300:0600% 001
Emil LillebergD0000010021:111:2500:0000% 010
Ethan Del MastroD0000210119:491:1200:0000% 000
Jackson CatesC/LW/RW0000010117:031:2800:000100% 100
Jakub GalvasD000000000:520:0000:0000% 000
Matt CoronatoRW0000010021:242:1700:0600% 111
Matthew StromeLW0000012018:551:2900:0000% 000
Mitchell Vande SompelD000003009:170:0000:0000% 000
Nicklas BackstromC0000010021:372:1700:00055% 1100
Ryan SchmelzerC0000010021:572:0400:0600% 000
Taro HiroseLW0000002013:370:1200:0000% 000
Tyler MaddenC000001004:570:0000:00067% 300

Penguins

5 vs 5 Forward
Line #Left WingCenterRight WingPHYDFOFWanted %Time %Time Play
1Valtteri PuustinenMark JankowskiDanny O'Regan1224334%18:22
2Bokondji ImamaDanny O'ReganBen Tardif1223136%19:42
3Chase WheatcroftBrendan FurryBen Berard0322024%13:03
4Valtteri PuustinenMark JankowskiBrendan Furry03267%3:38
5 vs 5 Defense
Line #DefenseDefensePHYDFOFWanted %Time %Time Play
1Jamie DrysdaleJakub Zboril0234032%17:34
2Markus NiemelainenPhilip Kemp0233035%18:54
3Chad NychukKeaton Thompson0322029%15:37
4Jamie DrysdaleJakub Zboril032105%2:40
Power Play Forward
Line #Left WingCenterRight WingPHYDFOFWanted %Time %Time Play
1Valtteri PuustinenMark JankowskiDanny O'Regan12260100%0:06
2Ben BerardDanny O'ReganBrendan Furry122400%0:00
Power Play Defense
Line #DefenseDefensePHYDFOFWanted %Time %Time Play
1Jamie DrysdaleJakub Zboril12260100%0:06
2Markus NiemelainenPhilip Kemp122400%0:00
Penalty Kill 4 Players Forward
Line #CenterWingPHYDFOFWanted %Time %Time Play
1Mark JankowskiValtteri Puustinen1226079%3:09
2Danny O'ReganBen Berard1224021%0:49
Penalty Kill 4 Players Defense
Line #DefenseDefensePHYDFOFWanted %Time %Time Play
1Markus NiemelainenJakub Zboril1226063%2:29
2Jamie DrysdalePhilip Kemp1224037%1:29
Penalty Kill 3 Players
Line #WingPHYDFOFWanted %Time %Time PlayDefenseDefensePHYDFOFWanted %Time %Time Play
1Mark Jankowski122600%0:00 Markus NiemelainenJakub Zboril122600%0:00
2Danny O'Regan122400%0:00 Jamie DrysdalePhilip Kemp122400%0:00
4 vs 4 Forward
Line #CenterWingPHYDFOFWanted %Time %Time Play
1Mark JankowskiValtteri Puustinen122600%0:00
2Danny O'ReganBen Berard122400%0:00
4 vs 4 Defense
Line #DefensePHYDFOFWanted %Time %Time Play
1Jamie DrysdaleJakub Zboril122600%0:00
2Markus NiemelainenPhilip Kemp122400%0:00
Last Minutes Offensive
Left WingCenterRight WingDefenseDefense
Valtteri PuustinenMark JankowskiDanny O'ReganJamie DrysdaleJakub Zboril
Last Minutes Defensive
Left WingCenterRight WingDefenseDefense
Valtteri PuustinenMark JankowskiDanny O'ReganJamie DrysdaleJakub Zboril
Time
Total ForwardTotal DefenseLast Minutes OffensiveLast Minutes Defensive
60:00 60:00 0:001:11
Extra Forwards
Normal PowerPlayPenalty Kill
Brendan Furry, Ben Tardif, Ben BerardBrendan Furry, Ben TardifBrendan Furry
Extra Defensemen
Normal PowerPlayPenalty Kill
Philip Kemp, Jamie Drysdale, Keaton ThompsonPhilip Kemp, Philip KempChad Nychuk
Penalty Shots
Mark Jankowski, Valtteri Puustinen, Ben Berard, Danny O'Regan, Brendan Furry
Goalie
Zach Fucale, Arvid Holm
Scratches
Alex Swetlikoff (Healthy), Anthony Romano (Healthy), Scott Sabourin (Healthy), Alex-Olivier Voyer (Healthy), Brennan Saulnier (Healthy) Brandon Cutler (Healthy), Collin Adams (Healthy), Patrick McGrath (Healthy), Ryan MacKinnon (Healthy), Daniel D'Amato (Healthy) Zane McIntyre (Healthy)

Islanders

5 vs 5 Forward
Line #Left WingCenterRight WingPHYDFOFWanted %Time %Time Play
1Matt CoronatoNicklas BackstromRyan Schmelzer1224037%20:00
2Nicklas BackstromBen MeyersMatt Coronato1223036%19:36
3Ryan SchmelzerBen MeyersMatt Coronato1222021%11:21
4Ryan SchmelzerNicklas BackstromMatt Coronato122107%3:45
5 vs 5 Defense
Line #DefenseDefensePHYDFOFWanted %Time %Time Play
1Dylan CoghlanConor Timmins1224036%19:37
2Emil LillebergCorey Schueneman1223034%18:30
3Dylan CoghlanEthan Del Mastro1222018%9:52
4Corey SchuenemanEthan Del Mastro1221012%6:43
Power Play Forward
Line #Left WingCenterRight WingPHYDFOFWanted %Time %Time Play
1Matt CoronatoNicklas BackstromRyan Schmelzer12260100%3:58
2Matt CoronatoRyan SchmelzerNicklas Backstrom122400%0:00
Power Play Defense
Line #DefenseDefensePHYDFOFWanted %Time %Time Play
1Dylan CoghlanCorey Schueneman1226070%2:46
2Ethan Del MastroDylan Coghlan1224030%1:12
Penalty Kill 4 Players Forward
Line #CenterWingPHYDFOFWanted %Time %Time Play
1Matt CoronatoRyan Schmelzer12260100%0:06
2Ryan SchmelzerMatt Coronato122400%0:00
Penalty Kill 4 Players Defense
Line #DefenseDefensePHYDFOFWanted %Time %Time Play
1Corey SchuenemanDylan Coghlan12260100%0:06
2Ethan Del MastroDylan Coghlan122400%0:00
Penalty Kill 3 Players
Line #WingPHYDFOFWanted %Time %Time PlayDefenseDefensePHYDFOFWanted %Time %Time Play
1Matt Coronato122600%0:00 Dylan CoghlanCorey Schueneman122600%0:00
2Matt Coronato122400%0:00 Dylan CoghlanEthan Del Mastro122400%0:00
4 vs 4 Forward
Line #CenterWingPHYDFOFWanted %Time %Time Play
1Matt CoronatoRyan Schmelzer122600%0:00
2Nicklas BackstromMatt Coronato122400%0:00
4 vs 4 Defense
Line #DefensePHYDFOFWanted %Time %Time Play
1Corey SchuenemanDylan Coghlan122600%0:00
2Dylan CoghlanCorey Schueneman122400%0:00
Last Minutes Offensive
Left WingCenterRight WingDefenseDefense
Matt CoronatoNicklas BackstromRyan SchmelzerConor TimminsDylan Coghlan
Last Minutes Defensive
Left WingCenterRight WingDefenseDefense
Matt CoronatoNicklas BackstromRyan SchmelzerConor TimminsDylan Coghlan
Time
Total ForwardTotal DefenseLast Minutes OffensiveLast Minutes Defensive
60:00 60:00 1:140:00
Extra Forwards
Normal PowerPlayPenalty Kill
Ryan Schmelzer, Nicklas Backstrom, Matt CoronatoMatt Coronato, Ryan SchmelzerMatt Coronato
Extra Defensemen
Normal PowerPlayPenalty Kill
Dylan Coghlan, Corey Schueneman, Conor TimminsDylan Coghlan, Corey SchuenemanJakub Galvas
Penalty Shots
Nicklas Backstrom, Matt Coronato, Ben Meyers, Ryan Schmelzer, Collin Graf
Goalie
Mike Smith, Hugo Alnefelt
Scratches
Brent Gates Jr. (Healthy), Dmitry Osipov (Healthy), Ryan Hofer (Healthy), Stephen Halliday (Healthy), Libor Hajek (Healthy) Jordy Bellerive (Healthy), Nicolas Meloche (Right Eye Injury), Brendan Warren (Healthy), Cameron Hillis (Healthy), Hayden Hodgson (Healthy) Seth Barton (Healthy), Henri Nikkanen (Healthy), Ty Tullio (Healthy), Thomas Milic (Healthy), Hunter Jones (Healthy)


Play-by-Play

1st period


0:01 of 1st period - Nicklas Backstrom wins face-off versus Danny O'Regan in neutral zone.
0:03 of 1st period - Off-side.
0:04 of 1st period - Mark Jankowski wins face-off versus Nicklas Backstrom in neutral zone.
0:45 of 1st period - Wrist shot by Brendan Furry.
0:45 of 1st period - Stopped by Mike Smith without a rebound.
0:46 of 1st period - Ben Meyers wins face-off versus Brendan Furry in Islanders zone.
1:50 of 1st period - Snap shot by Valtteri Puustinen.
1:50 of 1st period - Stopped by Mike Smith without a rebound.
1:51 of 1st period - Jackson Cates wins face-off versus Mark Jankowski in Islanders zone.
2:02 of 1st period - Snap shot by Collin Graf.
2:02 of 1st period - Stopped by Zach Fucale without a rebound.
2:03 of 1st period - Danny O'Regan wins face-off versus Ben Meyers in Penguins zone.
2:30 of 1st period - Matt Coronato is hit by Ben Berard and loses puck.
4:12 of 1st period - Mark Jankowski is hit by Nicklas Backstrom and loses puck.
5:50 of 1st period - Ben Meyers is hit by Jamie Drysdale and loses puck.
6:15 of 1st period - Ben Tardif is hit by Brandon Gignac and loses puck.
6:26 of 1st period - Chase Wheatcroft is hit by Conor Timmins and loses puck.
7:45 of 1st period - Wrist shot by Taro Hirose.
7:45 of 1st period - Stopped by Zach Fucale with a rebound.
9:24 of 1st period - Brendan Furry is hit by Corey Schueneman and loses puck.
9:48 of 1st period - Icing by Mark Jankowski.
9:49 of 1st period - Brett Budgell wins face-off versus Ben Meyers in Penguins zone.
11:30 of 1st period - Emil Lilleberg is hit by Danny O'Regan and loses puck.
12:01 of 1st period - Brett Budgell is hit by Mitchell Vande Sompel and loses puck.
13:55 of 1st period - Ben Tardif is hit by Mitchell Vande Sompel and loses puck.
15:15 of 1st period - Jamie Drysdale is hit by Jackson Cates.
15:25 of 1st period - Keaton Thompson is hit by Ryan Schmelzer.
16:48 of 1st period - Emil Lilleberg is hit by Danny O'Regan and loses puck.
Goals for this period are 0 for Penguins vs 0 for Islanders.
Shots for this period are 2 for Penguins vs 2 for Islanders.

2nd period


0:01 of 2nd period - Ben Meyers wins face-off versus Mark Jankowski in neutral zone.
0:16 of 2nd period - Slapshot by Jakub Zboril.
0:16 of 2nd period - Shot Blocked by Ethan Del Mastro.
4:12 of 2nd period - Emil Lilleberg is hit by Mark Jankowski.
5:46 of 2nd period - Valtteri Puustinen is hit by Emil Lilleberg and loses puck.
8:02 of 2nd period - Mitchell Vande Sompel is hit by Markus Niemelainen and loses puck.
8:07 of 2nd period - Snap shot by Ben Berard.
8:07 of 2nd period - Stopped by Mike Smith without a rebound.
8:08 of 2nd period - Nicklas Backstrom wins face-off versus Mark Jankowski in Islanders zone.
8:08 of 2nd period - Nicklas Backstrom is hit by Keaton Thompson.
8:51 of 2nd period - Ben Meyers is hit by Brett Budgell.
9:59 of 2nd period - Minor Penalty to Ethan Del Mastro for High sticking.
10:00 of 2nd period - Mark Jankowski wins face-off versus Matt Coronato in Islanders zone.
10:05 of 2nd period - Wrist shot by Mark Jankowski.
10:05 of 2nd period - Goal by Mark Jankowski - Penguins : 1 - Islanders : 0.
10:06 of 2nd period - Nicklas Backstrom wins face-off versus Mark Jankowski in neutral zone.
10:06 of 2nd period - Nicklas Backstrom is hit by Valtteri Puustinen.
10:10 of 2nd period - Slapshot by Conor Timmins.
10:10 of 2nd period - Shot Blocked by Valtteri Puustinen.
10:18 of 2nd period - Snap shot by Valtteri Puustinen.
10:18 of 2nd period - Shot Misses the Net.
10:20 of 2nd period - Snap shot by Valtteri Puustinen.
10:20 of 2nd period - Shot Misses the Net.
10:22 of 2nd period - Snap shot by Valtteri Puustinen.
10:22 of 2nd period - Shot Blocked by Conor Timmins.
11:09 of 2nd period - Off-side.
11:10 of 2nd period - Collin Graf wins face-off versus Mark Jankowski in neutral zone.
11:26 of 2nd period - Minor Penalty to Danny O'Regan for Tripping.
11:27 of 2nd period - Mark Jankowski wins face-off versus Nicklas Backstrom in Penguins zone.
11:36 of 2nd period - Off-side.
11:37 of 2nd period - Nicklas Backstrom wins face-off versus Mark Jankowski in neutral zone.
11:40 of 2nd period - Snap shot by Dylan Coghlan.
11:40 of 2nd period - Shot Misses the Net.
12:28 of 2nd period - Philip Kemp is hit by Collin Graf and loses puck.
13:26 of 2nd period - Penalty to Danny O'Regan is over, Danny O'Regan is back on ice.
13:31 of 2nd period - Snap shot by Danny O'Regan.
13:31 of 2nd period - Shot Blocked by Ben Meyers.
13:33 of 2nd period - Wrist shot by Danny O'Regan.
13:33 of 2nd period - Shot Misses the Net.
13:35 of 2nd period - Snap shot by Keaton Thompson.
13:35 of 2nd period - Stopped by Mike Smith without a rebound.
13:36 of 2nd period - Ben Meyers wins face-off versus Danny O'Regan in Islanders zone.
13:36 of 2nd period - Ben Meyers is hit by Bokondji Imama.
13:42 of 2nd period - Conor Timmins is hit by Bokondji Imama and loses puck.
15:58 of 2nd period - Chad Nychuk is hit by Mitchell Vande Sompel.
16:17 of 2nd period - Icing by Valtteri Puustinen.
16:18 of 2nd period - Ben Meyers wins face-off versus Brendan Furry in Penguins zone.
17:04 of 2nd period - Icing by Philip Kemp.
17:05 of 2nd period - Brendan Furry wins face-off versus Nicklas Backstrom in Penguins zone.
17:19 of 2nd period - Off-side.
17:20 of 2nd period - Ben Meyers wins face-off versus Danny O'Regan in neutral zone.
17:31 of 2nd period - Wrist shot by Ben Tardif.
17:31 of 2nd period - Shot Misses the Net.
19:07 of 2nd period - Snap shot by Taro Hirose.
19:07 of 2nd period - Stopped by Zach Fucale without a rebound.
19:08 of 2nd period - Mark Jankowski wins face-off versus Brandon Gignac in Penguins zone.
19:29 of 2nd period - Mark Jankowski is hit by Brandon Gignac and loses puck.
19:39 of 2nd period - Icing by Brandon Gignac.
19:40 of 2nd period - Danny O'Regan wins face-off versus Brandon Gignac in Islanders zone.
19:43 of 2nd period - Wrist shot by Ben Tardif.
19:43 of 2nd period - Shot Blocked by Brandon Gignac.
19:49 of 2nd period - Slapshot by Danny O'Regan.
19:49 of 2nd period - Shot Misses the Net.
19:51 of 2nd period - Wrist shot by Jakub Zboril.
19:51 of 2nd period - Shot Misses the Net.
19:53 of 2nd period - Slapshot by Jakub Zboril.
19:53 of 2nd period - Deflect By Bokondji Imama.
19:53 of 2nd period - Shot Blocked by Jackson Cates.
19:53 of 2nd period - Puck is out of play.
19:54 of 2nd period - Nicklas Backstrom wins face-off versus Danny O'Regan in Islanders zone.
Goals for this period are 1 for Penguins vs 0 for Islanders.
Shots for this period are 3 for Penguins vs 1 for Islanders.

3rd period


0:01 of 3rd period - Mark Jankowski wins face-off versus Nicklas Backstrom in neutral zone.
0:35 of 3rd period - Off-side.
0:36 of 3rd period - Ben Meyers wins face-off versus Brendan Furry in neutral zone.
0:39 of 3rd period - Slapshot by Emil Lilleberg.
0:39 of 3rd period - Shot Blocked by Ben Berard.
0:53 of 3rd period - Wrist shot by Chase Wheatcroft.
0:53 of 3rd period - Shot Hit the Post.
1:05 of 3rd period - Mark Jankowski is hit by Matthew Strome and loses puck.
1:24 of 3rd period - Wrist shot by Bokondji Imama.
1:24 of 3rd period - Shot Misses the Net.
2:36 of 3rd period - Dylan Coghlan is hit by Bokondji Imama and loses puck.
2:44 of 3rd period - Minor Penalty to Bokondji Imama for Hooking.
2:45 of 3rd period - Mark Jankowski wins face-off versus Nicklas Backstrom in Penguins zone.
3:21 of 3rd period - Icing by Ryan Schmelzer.
3:22 of 3rd period - Nicklas Backstrom wins face-off versus Danny O'Regan in Islanders zone.
3:39 of 3rd period - Jamie Drysdale is hit by Ethan Del Mastro and loses puck.
4:44 of 3rd period - Penalty to Bokondji Imama is over, Bokondji Imama is back on ice.
7:43 of 3rd period - Mitchell Vande Sompel is hit by Chase Wheatcroft and loses puck.
8:23 of 3rd period - Bokondji Imama is hit by Matt Coronato and loses puck.
9:38 of 3rd period - Emil Lilleberg is hit by Jamie Drysdale and loses puck.
10:48 of 3rd period - Icing by Jakub Zboril.
10:49 of 3rd period - Keaton Thompson wins face-off versus Brandon Gignac in Penguins zone.
11:32 of 3rd period - Slapshot by Emil Lilleberg.
11:32 of 3rd period - Deflect By Matthew Strome.
11:32 of 3rd period - Stopped by Zach Fucale with a rebound.
12:01 of 3rd period - Icing by Ethan Del Mastro.
12:02 of 3rd period - Ben Meyers wins face-off versus Ben Berard in Islanders zone.
16:10 of 3rd period - Mitchell Vande Sompel is hit by Bokondji Imama and loses puck.
18:18 of 3rd period - Bokondji Imama is hit by Tyler Madden.
18:52 of 3rd period - Snap shot by Valtteri Puustinen.
18:52 of 3rd period - Stopped by Mike Smith with a rebound.
18:54 of 3rd period - Backhand shot by Philip Kemp.
18:54 of 3rd period - Deflect By Mitchell Vande Sompel.
18:54 of 3rd period - Stopped by Mike Smith without a rebound.
18:55 of 3rd period - John Stevens call a timeout for Islanders.
18:55 of 3rd period - Tyler Madden wins face-off versus Ben Berard in Islanders zone.
19:06 of 3rd period - Islanders, Mike Smith is pulled from the net.
19:06 of 3rd period - Wrist shot by Tyler Madden.
19:06 of 3rd period - Shot Hit the Post.
19:08 of 3rd period - Snap shot by Dylan Coghlan.
19:08 of 3rd period - Stopped by Zach Fucale without a rebound.
19:09 of 3rd period - Ben Berard wins face-off versus Tyler Madden in Penguins zone.
19:16 of 3rd period - Dylan Coghlan is hit by Danny O'Regan and loses puck.
19:45 of 3rd period - Wrist shot by Ben Berard.
19:45 of 3rd period - Shot Blocked by Conor Timmins.
19:55 of 3rd period - Snap shot by Tyler Madden.
19:55 of 3rd period - Shot Blocked by Ben Berard.
19:57 of 3rd period - Slapshot by Matthew Strome.
19:57 of 3rd period - Stopped by Zach Fucale without a rebound.
19:58 of 3rd period - Tyler Madden wins face-off versus Ben Berard in Penguins zone.
Goals for this period are 0 for Penguins vs 0 for Islanders.
Shots for this period are 2 for Penguins vs 3 for Islanders.